 Dungeon Crawl Stone Soup version 0.30-b1-2-g02819fbbbe (webtiles) character file.

Game seed: 189385940057235695

242 Flugkiller the Trooper (level 5, -4/48 HPs)
             Began as a Minotaur Fighter on May 8, 2023.
             Slain by an orc
             ... wielding a +2 vampiric trident
              (8 damage)
             ... on level 3 of the Dungeon.
             The game lasted 00:01:16 (1717 turns).

Flugkiller the Trooper (Minotaur Fighter)           Turns: 1717, Time: 00:01:17

Health: -4/48      AC:  7    Str: 20 (23) XL:     5   Next: 81%
Magic:  4/4        EV:  9    Int:  3 (5)  God:
Gold:   126        SH:  0    Dex:  8 (9)  Spells: 4/4 levels left

rFire   . . .        n - +0 battleaxe (spect)
rCold   . . .        (shield currently unavailable)
rNeg    . . .        b - +0 scale mail
rPois   .            (helmet restricted)
rElec   .            (no cloak)
rCorr   .            (no gloves)
SInv    .            (no boots)
Will    +....        (no amulet) Stlth
                     m - ring of willpower
HPRegen 0.28/turn    k - ring of flight
MPRegen 0.09/turn

%: no passive effects
@: flying
A: horns 2, retaliatory headbutt
a: no special abilities


You were on level 3 of the Dungeon.
You visited 1 branch of the dungeon, and saw 3 of its levels.

You collected 126 gold pieces.

Inventory:

Hand Weapons
 a - a +0 war axe
 n - a +0 spectral battleaxe (weapon)
   (You found it on level 2 of the Dungeon)
Armour
 b - a +0 scale mail (worn)
 c - a +0 buckler
Jewellery
 e - a ring of fire
   (You found it on level 1 of the Dungeon)
 k - a ring of flight (right hand)
   (You found it on level 1 of the Dungeon)
 m - a ring of willpower (left hand)
   (You found it on level 1 of the Dungeon)
Scrolls
 f - a scroll of blinking {unknown}
 i - a scroll of torment {unknown}
 j - a scroll of noise
 o - a scroll of teleportation {unknown}
 p - a scroll of brand weapon
Potions
 d - a potion of might
 g - a potion of lignification {unknown}
 h - 2 potions of degeneration
 l - 2 potions of magic


   Skills:
 * Level 5.3 Fighting
 * Level 4.4 Axes
 * Level 5.2 Armour
 - Level 0.5 Dodging
 - Level 4.2 Shields


You had 4 spell levels left.
You didn't know any spells.
Your spell library was empty.

Dungeon Overview and Level Annotations

Branches:
Dungeon (3/15)

Altars:
Trog


Innate Abilities, Weirdness & Mutations

You have a pair of horns on your head.
You reflexively headbutt those who attack you in melee.


Message History

You closely miss the orc. The orc closely misses you.
You barely miss the orc. The orc hits you but does no damage.
The orc hits you with a +0 club.
An orc wizard comes into view. It is wielding a +0 dagger.
You barely miss the orc. Your headbutt misses the orc.
The orc hits you with a +0 club.
You hit the orc.
The orc is heavily wounded.
The orc hits you with a +0 club.
There are monsters nearby!
You hit the orc.
You kill the orc!
An orc priest comes into view. It is wielding a +0 club.
There are monsters nearby!
An orc comes into view. It is wielding a +2 vampiric trident.
The orc priest shouts!
The orc priest mumbles some strange prayers to Beogh against you.
Beogh smites you! The orc wizard casts a spell at you.
The puff of flame hits you!
You hear a shout! 2 orcs come into view.
The orc shouts!
An orc comes into view. It is wielding a +0 flail.
The orc wizard hits you but does no damage.
The orc moves out of view.
You hit the orc wizard.
The orc wizard is lightly wounded.
The orc closely misses you. x2
The orc wizard hits you but does no damage.
You slash the orc wizard!
The orc wizard is severely wounded.
The orc wizard hits you with a +0 dagger.
You barely miss the orc wizard.
The orc wizard is severely wounded.
The orc wizard closely misses you. The orc wizard barely misses you.
You barely miss the orc wizard.
The orc wizard is severely wounded.
You closely miss the orc priest.
The orc priest calls upon Beogh to heal the orc wizard.
The orc wizard is healed somewhat.
The orc wizard hits you with a +0 dagger.
You closely miss the orc wizard.
The orc wizard is moderately wounded.
You barely miss the orc priest. The orc priest hits you with a +0 club.
The orc wizard closely misses you. The orc priest hits you with a +0 club.
The orc wizard barely misses you.
You slice the orc wizard!!
You kill the orc wizard!
You closely miss the orc priest.
The orc priest mumbles some strange prayers to Beogh against you.
Beogh smites you!
* * * LOW HITPOINT WARNING * * *
You are too injured to fight recklessly!
You are too injured to fight recklessly!
You closely miss the orc priest. The orc priest hits you with a +0 club.
* * * LOW HITPOINT WARNING * * *
The orc priest mumbles some strange prayers to Beogh against you.
You resist with some effort.
You slash the orc priest! You headbutt the orc priest.
You kill the orc priest!
The orc attacks as you move away! The orc hits you with a +0 whip.
* * * LOW HITPOINT WARNING * * *
It was a potion of degeneration.
There was something very wrong with that liquid.
You feel weakened.
You feel dopey.
You feel clumsy. The orc closely misses you. You furiously retaliate!
You headbutt the orc.
It was a potion of magic.
Magic courses through your body. The orc hits you but does no damage.
Okay, then.
Okay, then.
As you read the scroll labelled UMUOST KYIDGHY, it crumbles to dust.
You hear a loud clanging noise!
It was a scroll of noise.
You hear a shout! x3
The orc barely misses you. The orc hits you with a +0 whip.
* * * LOW HITPOINT WARNING * * *
Okay, then.
Okay, then.
You hit the orc.
The orc is moderately wounded.
The orc completely misses you. The orc hits you but does no damage.
The orc barely misses you.
Unknown command.
You reach down and open the door.
The orc misses you.
Found a stone staircase leading down.
The orc attacks as you move away! The orc barely misses you.
You furiously retaliate!
You headbutt the orc.
Found a jade ring.
There is an open door here.
As you read the scroll labelled NEVUEMNOXT, it crumbles to dust.
It is a scroll of brand weapon.
Your +0 battleaxe acquires a faint afterimage.
n - a +0 spectral battleaxe (weapon)
The orc barely misses you.
You hit the orc but do no damage. You headbutt the orc.
The orc is severely wounded.
Your +0 spectral battleaxe hits the orc!
You kill the orc!
The orc hits you from afar with a +2 vampiric trident!
You die... #+###'## #.....# #.§≈≈§# #..§..# +.._..+ #)§.§.# #)§≈≈.# #ooo)(#

#)###@# ...
#.# ..... ...
....... .....
.....$.......#
#.#####.......
#. #....>...
##.....=..


You could see 3 orcs and a friendly +0 spectral battleaxe.

Vanquished Creatures
  An orc priest (D:3)
  Jessica (D:2)
  Natasha (thrice) (D:2)
  An orc wizard (D:3)
  3 adders (D:2)
  3 worms (D:2)
  2 dart slugs (D:1)
  4 orcs (D:3)
  3 ball pythons
  7 endoplasms
  A giant cockroach (D:1)
  3 goblins (D:1)
  A hobgoblin (D:2)
  2 quokkas
  4 bats
  4 frilled lizards
  7 kobolds (D:1)
  3 rats
53 creatures vanquished.

Vanquished Creatures (others)
  5 plants (D:1)
5 creatures vanquished.

Grand Total: 58 creatures vanquished

Notes
Turn   | Place    | Note
-------+----------+-------------------------------------------
     0 | D:1      | Flugkiller the Minotaur Fighter began the quest for the
                  | Orb.
     0 | D:1      | Reached XP level 1. HP: 19/19 MP: 0/0
   189 | D:1      | Reached XP level 2. HP: 26/27 MP: 1/1
   662 | D:1      | Reached XP level 3. HP: 33/33 MP: 2/2
   964 | D:2      | Noticed Jessica
   967 | D:2      | Killed Jessica
   999 | D:2      | Reached XP level 4. HP: 41/41 MP: 3/3
  1235 | D:2      | Noticed Natasha
  1239 | D:2      | Killed Natasha
  1409 | D:2      | Noticed Natasha
  1419 | D:2      | Killed Natasha
  1420 | D:2      | Reached XP level 5. HP: 42/47 MP: 4/4
  1529 | D:2      | Noticed Natasha
  1535 | D:2      | Killed Natasha
  1536 | D:2      | Reached skill level 5 in Fighting
  1536 | D:2      | Reached skill level 5 in Armour
  1683 | D:3      | Found a bloodstained altar of Trog.
  1711 | D:3      | HP: 2/48 [orc/+0 whip (3)]
  1717 | D:3      | Slain by an orc

Illustrated notes

Levels and vault maps discovered:
D:1:      psy_arrival_dodecagon, layout_basic, chequers_big_river,
          nicolae_figureground_pulse
D:2:      layout_loops_cross, uniq_jessica, uniq_natasha
D:3:      layout_rooms, mainiacjoe_overflow_six_doors_small,
          hellmonk_ecumenical_altar_watching_god, serial_bayou_ford_a

Skill      XL: |  1  2  3  4  5 |
---------------+----------------+-----
Armour         | 4 5 |  5.2
Fighting       | 4 5 |  5.3
Axes           | 3 4 |  4.4
Shields        | 4 |  4.2
Dodging        | |  0.5

Action                     |  1- 3 |  4- 6 || total
---------------------------+-------+-------++-------
  Melee: War axe           |    69 |    36 ||   105
         Headbutt          |    10 |    11 ||    21
         Battleaxe         |       |    43 ||    43
    Use: Scroll            |       |     2 ||     2
         Potion            |       |     2 ||     2
 Armour: Scale mail        |    23 |    37 ||    60
  Dodge: Dodged            |    27 |    54 ||    81
  Block: Buckler           |    14 |     9 ||    23
